 Dungeon Crawl Stone Soup version 0.29.0-4-gdea44cf6ec (webtiles) character file.

Game seed: 1903619330174751370

33 qw the Chopper (level 3, -1/21 HPs)
             Began as a Tengu Warper on Aug 28, 2022.
             Slain by Terence
             ... wielding a +1 mace of protection
              (8 damage)
             ... on level 2 of the Dungeon.
             The game lasted 00:00:06 (1027 turns).

qw the Chopper (Tengu Warper)                       Turns: 1027, Time: 00:00:07

Health: -1/21      AC:  5    Str: 13    XL:     3   Next: 29%
Magic:  7/7        EV: 11    Int: 13    God:
Gold:   76         SH:  0    Dex: 13    Spells: 6/6 levels left

rFire   . . .      SeeInvis .   Y - +0 hand axe
rCold   . . .      Faith    .   (no shield)
rNeg    . . .      Spirit   .   j - +0 ring mail
rPois   .          Reflect  .   (helmet restricted)
rElec   .          Harm     .   (no cloak)
rCorr   .          Rampage  .   (no gloves)
Will    .....                   (boots unavailable)
Stlth   +.........              (no amulet)
HPRegen 0.07/turn               (no ring)
MPRegen 0.10/turn               (no ring)

@: no status effects
A: beak, talons 3
a: no special abilities


You were on level 2 of the Dungeon.
You visited 1 branch of the dungeon, and saw 2 of its levels.

You collected 76 gold pieces.


Innate Abilities, Weirdness & Mutations

You have a beak for a mouth.
You have claws for feet.


   Skills:
 - Level 2.0 Fighting
 + Level 4.0 Axes
 - Level 1.0 Throwing
 - Level 1.1 Armour
 - Level 2.1 Dodging
 - Level 2.0 Spellcasting
 - Level 2.4 Translocations


You had 6 spell levels left.
You didn't know any spells.
Your spell library contained the following spells:

 Spells                   Type           Power      Damage    Failure   Level
 Blink                    Tloc           14%        N/A       30%         2
 Gell's Gravitas          Tloc           7%         N/A       52%         3
 Lesser Beckoning         Tloc           7%         N/A       52%         3
 Teleport Other           Tloc           7%         N/A       52%         3
 Manifold Assault         Tloc           7%         N/A       99%         5

Inventory:

Hand Weapons
 n - a +0 mace
 Y - a +0 hand axe (weapon)
Missiles
 l - 4 boomerangs (quivered)
Armour
 j - a +0 ring mail (worn)
Potions
 d - a potion of flight {unknown}
 e - a potion of invisibility {unknown}
 h - a potion of lignification {unknown}
 k - a potion of curing {unknown}
 m - a potion of haste {unknown}

Dungeon Overview and Level Annotations

Branches:
Dungeon (2/15)

Altars:

Annotations:
D:2 Terence


Message History

You throw a boomerang.
The boomerang hits Terence but does no damage.
Throw: 4 boomerangs
Press: ? - help, Q - select action Shift-Dir - straight line, f/p - Terence You throw a boomerang.
The boomerang hits Terence but does no damage.
Throw: 4 boomerangs
Press: ? - help, Q - select action Shift-Dir - straight line, f/p - Terence You throw a boomerang.
The boomerang closely misses Terence.
You barely miss Terence. You claw Terence, but do no damage.
Terence hits you with a +1 mace of protection!
You hit Terence but do no damage. You claw Terence, but do no damage.
Terence says, "How do you enjoy it?" Terence misses you.
You barely miss Terence. Your kick misses Terence. You peck Terence.
Terence is lightly wounded.
Terence hits you with a +1 mace of protection.
You barely miss Terence. You claw Terence, but do no damage.
Terence is lightly wounded.
Terence completely misses you.
You hit Terence.
Terence is moderately wounded.
Terence closely misses you.
You closely miss Terence. You claw Terence, but do no damage. You peck Terence.
Terence is moderately wounded.
Terence closely misses you.
You hit Terence. You claw Terence, but do no damage.
Terence is heavily wounded.
Terence misses you.
You hit Terence but do no damage. Your kick misses Terence.
Your peck misses Terence.
Terence is heavily wounded.
Terence hits you with a +1 mace of protection.
You hit Terence. Your kick misses Terence. Your peck misses Terence.
Terence is heavily wounded.
Terence closely misses you. Terence barely misses you.
You hit Terence but do no damage. You claw Terence, but do no damage.
Terence is heavily wounded.
Terence hits you with a +1 mace of protection!
You die...

#............#
#............#
#............#
#.............
...(.......!.
.........!.
#.@.......
#####?@.......
#..........###
#.###......#
#..........#
#.%.....####
#####.#####.#
#.....# .#
#.###.# ##
#...#


You could see Terence.

Vanquished Creatures
  A dart slug (D:1)
  A bat (D:1)
  An endoplasm (D:1)
  A giant cockroach (D:2)
  4 goblins (D:1)
  4 hobgoblins (D:1)
  6 kobolds (D:1)
  A quokka (D:1)
  4 ball pythons (D:1)
  3 frilled lizards (D:1)
  2 rats (D:1)
28 creatures vanquished.

Vanquished Creatures (others)
  3 fungi (D:1)
  4 plants (D:1)
7 creatures vanquished.

Grand Total: 35 creatures vanquished

Notes
Turn   | Place    | Note
-------+----------+-------------------------------------------
     0 | D:1      | qw the Tengu Warper began the quest for the Orb.
     0 | D:1      | Reached XP level 1. HP: 12/12 MP: 4/4
     0 | D:1      | 0 ||| qw: Version: 0.1-a-89-g26bdef1
     0 | D:1      | 0 ||| qw: Game counter: 900
     0 | D:1      | 0 ||| qw: Always use a shield: true
     0 | D:1      | 0 ||| qw: God list: Okawaru
     0 | D:1      | 0 ||| qw: Allow faded altars: false
     0 | D:1      | 0 ||| qw: Do Orc after D:15 true
     0 | D:1      | 0 ||| qw: Do second Lair branch before Depths: true
     0 | D:1      | 0 ||| qw: Lair rune preference: random
     0 | D:1      | 0 ||| qw: Plans: Normal
     0 | D:1      | 0 ||| PLANNING D:1-11
    16 | D:1      | 16 ||| Stepping ~*~*~tactically~*~*~ (stealth).
    17 | D:1      | 17 ||| Stepping ~*~*~tactically~*~*~ (stealth).
    52 | D:1      | Reached XP level 2. HP: 17/17 MP: 6/6
    57 | D:1      | Reached skill level 3 in Axes
   382 | D:1      | 382 ||| Stepping ~*~*~tactically~*~*~ (stealth).
   384 | D:1      | 384 ||| Stepping ~*~*~tactically~*~*~ (stealth).
   387 | D:1      | 387 ||| Stepping ~*~*~tactically~*~*~ (stealth).
   389 | D:1      | 389 ||| Stepping ~*~*~tactically~*~*~ (stealth).
   392 | D:1      | 392 ||| Stepping ~*~*~tactically~*~*~ (stealth).
   395 | D:1      | 395 ||| Stepping ~*~*~tactically~*~*~ (stealth).
   396 | D:1      | 396 ||| Stepping ~*~*~tactically~*~*~ (stealth).
   398 | D:1      | 398 ||| Stepping ~*~*~tactically~*~*~ (stealth).
   400 | D:1      | 400 ||| Stepping ~*~*~tactically~*~*~ (stealth).
   401 | D:1      | 401 ||| Stepping ~*~*~tactically~*~*~ (stealth).
   402 | D:1      | 402 ||| Stepping ~*~*~tactically~*~*~ (stealth).
   403 | D:1      | 403 ||| Stepping ~*~*~tactically~*~*~ (stealth).
   406 | D:1      | 406 ||| Stepping ~*~*~tactically~*~*~ (stealth).
   407 | D:1      | 407 ||| Stepping ~*~*~tactically~*~*~ (stealth).
   408 | D:1      | 408 ||| Stepping ~*~*~tactically~*~*~ (stealth).
   409 | D:1      | 409 ||| Stepping ~*~*~tactically~*~*~ (stealth).
   412 | D:1      | 412 ||| Stepping ~*~*~tactically~*~*~ (stealth).
   413 | D:1      | 413 ||| Stepping ~*~*~tactically~*~*~ (stealth).
   418 | D:1      | 418 ||| Stepping ~*~*~tactically~*~*~ (stealth).
   420 | D:1      | 420 ||| Stepping ~*~*~tactically~*~*~ (stealth).
   421 | D:1      | 421 ||| Stepping ~*~*~tactically~*~*~ (stealth).
   620 | D:1      | Found a faded altar of an unknown god.
   776 | D:1      | Reached XP level 3. HP: 21/21 MP: 7/7
   820 | D:1      | 820 ||| Stepping ~*~*~tactically~*~*~ (stealth).
   821 | D:1      | 821 ||| DROPPING +0 club.
   823 | D:1      | 823 ||| Stepping ~*~*~tactically~*~*~ (hiding).
   950 | D:1      | 950 ||| UPGRADING to +0 ring mail.
   960 | D:1      | 960 ||| DROPPING +0 leather armour.
   961 | D:1      | 961 ||| READING scroll labelled JYMUTHROOH.
   962 | D:1      | 962 ||| READING 2 scrolls labelled UNWOIKK TORUEFESIO.
   963 | D:1      | 963 ||| READING scroll labelled XES LUXZYMPYA.
   968 | D:1      | 968 ||| DROPPING scroll of blinking.
   969 | D:1      | 969 ||| DROPPING scroll of immolation.
   977 | D:1      | Reached skill level 4 in Axes
  1013 | D:2      | Noticed Terence
  1027 | D:2      | Slain by Terence

Levels and vault maps discovered:
D:1:      evilmike_arrival_plus, layout_loops_cross,
          dreamdust_ecumenical_altar_grove, st_stairs_11
D:2:      layout_basic, uniq_terence, uniq_robin

Skill      XL: |  1  2  3 |
---------------+----------+-----
Axes           | 3 4 |  4.0
Fighting       | |  2.0
Throwing       | |  1.0
Armour         | |  1.1
Dodging        | |  2.1
Spellcasting   | |  2.0
Translocations | |  2.4

Action                   || total
-------------------------++-------
Melee: Hand axe          ||    50
       Kick              ||    16
       Peck              ||    11
Throw: Boomerang         ||    22
  Use: Scroll            ||     3
 Stab: Distracted        ||     1
Armor: Leather armour    ||     3
Dodge: Dodged            ||    18

Table legend:
 A = Non-vault XP
 B = Vault XP
 C = Vault XP percentage of total XP
 D = Non-vault monster count
 E = Vault monster count
 F = Vault count percentage of total count
                 A         B        C        D         E       F
            +---------+---------+-------+---------+---------+-------
      Total |      42 |       6 |  12.5 |      25 |       3 |  10.7
            +---------+---------+-------+---------+---------+-------
        D:1 |      40 |       6 |  13.0 |      24 |       3 |  11.1
        D:2 |       2 |       0 |   0.0 |       1 |       0 |   0.0
            +---------+---------+-------+---------+---------+-------
